 Dungeon Crawl Stone Soup version 0.28-a0-883-gc8d7bad45d (webtiles) character file.

Game seed: 11578884239211139393

25 siradein the Sneak (level 2, 0/23 HPs)
             Began as a Demonspawn Brigand on Nov 21, 2021.
             Succumbed to a goblin's poison
             ... on level 1 of the Dungeon.
             The game lasted 00:01:30 (836 turns).

siradein the Sneak (Demonspawn Brigand)              Turns: 836, Time: 00:01:30

Health: 0/23       AC:  3    Str: 10 (11) XL:     2   Next: 86%
Magic:  2/2        EV: 12    Int: 11 (12) God:
Gold:   21         SH:  0    Dex: 12 (14) Spells: 1/1 levels left

rFire   . . .      SeeInvis .   g - +1 dagger (venom)
rCold   . . .      Faith    .   (no shield)
rNeg    . . .      Spirit   .   b - +0 robe
rPois   .          Reflect  .   (no helmet)
rElec   .          Harm     .   c - +0 cloak
rCorr   .          Rampage  .   (no gloves)
Will    .....                   (no boots)
Stlth   ++........              (no amulet)
HPRegen 0.07/turn               (no ring)
MPRegen 0.08/turn               (no ring)

@: lethally poisoned (0 -> -4)
A: demonic guardian 1
a: no special abilities


You were on level 1 of the Dungeon.
You visited 1 branch of the dungeon, and saw 1 of its levels.

You collected 21 gold pieces.

Inventory:

Hand Weapons
 g - a +1 dagger of venom (weapon)
Missiles
 d - 8 poisoned darts (quivered)
 e - 2 curare-tipped darts
Armour
 b - a +0 robe (worn)
 c - a +0 cloak (worn)


   Skills:
 + Level 2.3 Fighting
 + Level 2.1 Short Blades
 + Level 2.1 Throwing
 + Level 1.3 Dodging
 + Level 3.8 Stealth


You had one spell level left.
You didn't know any spells.
Your spell library was empty.

Dungeon Overview and Level Annotations

Branches:
Dungeon (1/15)

Altars:

Shops:
D:1 !(*?[


Innate Abilities, Weirdness & Mutations

A weak demonic guardian rushes to your aid.


Message History

You puncture the endoplasm!
You kill the endoplasm!
A goblin comes into view. It is wielding a +1 dagger of venom.
The goblin shouts!
You barely miss the goblin.
The goblin hits you with a +1 dagger of venom.
You are poisoned.
You hit the goblin.
The goblin is heavily wounded.
You feel very sick.
The goblin hits you with a +1 dagger of venom.
You are lethally poisoned!
You hit the goblin.
You kill the goblin!
You feel very sick.
No target in view!
You feel very sick.
You see here a +1 dagger of venom.
Your +1 dagger of venom begins to drip with poison!
g - a +1 dagger of venom (weapon)
You feel sick.
Drop what? 7/52 slots (_ for help) (? for menu, Esc to quit)
You drop a +2 dagger.
* * * LOW HITPOINT WARNING * * *
You feel sick.
There is a lethal amount of poison in your body!
There is a lethal amount of poison in your body!
There is a lethal amount of poison in your body!
It was a potion of degeneration.
There was something very wrong with that liquid.
You feel weakened.
You feel dopey.
You feel clumsy.
* * * LOW HITPOINT WARNING * * *
You feel sick.
There is a lethal amount of poison in your body!
There is a lethal amount of poison in your body!
You aren't carrying any scrolls.
Unknown command.
* * * LOW HITPOINT WARNING * * *
You feel sick.
You die...

# #.###############
#...............#
#.............#.#
#....).@.#..#.### #
#.##.###........# #
##.###........# .##
###.............+
?8.
#....###........#
.##
..#....#....#.#...
#
.....#.#.######...
#
...#....#.#........
#
.....#.#.#........
#


There were no monsters in sight!

Vanquished Creatures
  A dart slug (D:1)
  A ball python (D:1)
  2 endoplasms (D:1)
  2 goblins (D:1)
  2 hobgoblins (D:1)
  5 jackals (D:1)
  2 bats (D:1)
  3 frilled lizards (D:1)
  A kobold (D:1)
  2 rats (D:1)
21 creatures vanquished.

Notes
Turn   | Place    | Note
-------+----------+-------------------------------------------
     0 | D:1      | siradein the Demonspawn Brigand began the quest for the
                  | Orb.
     0 | D:1      | Reached XP level 1. HP: 16/16 MP: 1/1
     6 | D:1      | Found Tiaciargh's Armour Shop.
    19 | D:1      | Found Jimm's Magic Scroll Emporium.
    32 | D:1      | Reached skill level 1 in Dodging
   190 | D:1      | Found Itomucos's Assorted Antiques.
   241 | D:1      | Gained mutation: A weak demonic guardian rushes to your
                  | aid. [demonic ancestry]
   241 | D:1      | Reached XP level 2. HP: 17/22 MP: 2/2
   736 | D:1      | Found Foumib's Distillery.
   792 | D:1      | Found Axtiuxaci's Weapon Boutique.
   835 | D:1      | HP: 1/23 [poisoned by a goblin]
   836 | D:1      | Succumbed to a goblin's poison

Illustrated notes

Levels and vault maps discovered:
D:1:      dpeg_arrival_pits, layout_basic, serial_shops, shop_statue,
          nicolae_shop_statue_plus, shop, nicolae_shop_hallway_plus,
          nicolae_square_shop, interstate_on_off, nrook_uturn,
          kennysheep_decorative_pillar, minmay_misc_feat_five,
          minmay_misc_feat_tiny, nrook_mini_vaults, hangedman_glass_teeth,
          chequers_serial_rivers_room_b

Skill      XL: |  1  2 |
---------------+-------+-----
Dodging        | 1 |  1.3
Short Blades   | 2 |  2.1
Throwing       | 2 |  2.1
Fighting       | |  2.3
Stealth        | |  3.8

Action                   || total
-------------------------++-------
Melee: Dagger            ||    58
  Use: Potion            ||     1
 Stab: Sleeping          ||     6
Armor: Robe              ||    20
Dodge: Dodged            ||    35

Table legend: (Time is in decaauts)
 A = Elapsed time spent in this place.
 B = Non-inter-level travel time spent in this place.
 C = Inter-level travel time spent in this place.
 D = Time resting spent in this place.
 E = Time spent auto-exploring this place.
 F = Levels seen in this place.
 G = Mean time per level.
                   A        B        C        D        E       F      G
               +--------+--------+--------+--------+--------+-----+--------+
         Total |    829 |    829 |      0 |      0 |    667 |   1 |  829.0 |
       Dungeon |    829 |    829 |      0 |      0 |    667 |   1 |  829.0 |
               +--------+--------+--------+--------+--------+-----+--------+

Top non-repeatable levels by time:
     D:1: 829 daAuts
